 Dungeon Crawl Stone Soup version 0.23-a0-329-g6f3f904 (webtiles) character file.

28938 namelastname112 the Jinx (level 13, 0/110 HPs)
             Began as a Purple Draconian Wanderer on Oct 16, 2018.
             Was a High Priest of Dithmenos.
             Slain by a freezing wraith (1 damage)
             ... on level 14 of the Dungeon.
             The game lasted 00:40:20 (22519 turns).

namelastname112 the Jinx (DrWn)                    Turns: 22519, Time: 00:40:20

Health: 0/110      AC: 12    Str: 15    XL:     13   Next: 12%
Magic:  26/26      EV:  2    Int: 17    God:    Dithmenos [*****.]
Gold:   841        SH:  0    Dex: 14    Spells: 19/30 levels left

rFire    + . .     SeeInvis .   b - +4 dagger (chaos)
rCold    + . .     Gourm    .   (no shield)
rNeg     + + +     Faith    .   (armour unavailable)
rPois    ∞         Spirit   .   (helmet restricted)
rElec    .         Reflect  .   r - +1 cloak
rCorr    .         Harm     .   I - +0 pair of gloves
MR       +....                  E - +0 pair of boots
Stlth    +++++++...             d - amulet of rage
HPRegen  0.28/turn              u - +3 ring of intelligence
MPRegen  0.20/turn              C - ring "Sumnear" {rF+ rC+}

@: petrified, slowed, wreathed by umbra
A: breathe power, unfitting armour, cold-blooded, AC +8
a: Breathe Dispelling Energy, Shadow Step, Shadow Form, Renounce Religion, Evoke
Berserk Rage


You were on level 14 of the Dungeon.
You worshipped Dithmenos.
Dithmenos was extremely pleased with you.
You were hungry.

You visited 2 branches of the dungeon, and saw 15 of its levels.

You collected 841 gold pieces.

Inventory:

Hand Weapons
 a - a +1 short sword of flaming
 b - a +4 dagger of chaos (weapon)
Missiles
 v - a throwing net (quivered)
Armour
 r - a +1 cloak (worn)
 y - a +0 buckler
 E - a +0 pair of boots (worn)
 I - a +0 pair of gloves (worn)
Jewellery
 d - an amulet of rage (around neck)
 u - a +3 ring of intelligence (left hand)
 z - an uncursed ring of protection from magic
 C - the ring "Sumnear" (right hand) {rF+ rC+}
   (You found it on level 12 of the Dungeon)

   [ring of protection from fire]

   It protects you from fire.
   It protects you from cold.
Wands
 g - a wand of random effects (75)
 t - a wand of scattershot (4)
 B - a wand of iceblast (1)
 D - a wand of digging (24)
 G - a wand of paralysis (4)
Scrolls
 e - 2 scrolls of remove curse
 i - 3 scrolls of fog
 j - 4 scrolls of teleportation
 n - a scroll of magic mapping
 p - a scroll of vulnerability
 s - 3 scrolls of identify
 A - 3 scrolls of enchant armour
Potions
 c - 5 potions of curing
 h - 2 potions of mutation
 k - 3 potions of might
 l - a potion of resistance
 m - 2 potions of invisibility
 o - 2 potions of flight
 q - a potion of lignification
 w - 2 potions of cancellation
 x - a potion of magic
 F - 2 potions of agility
Comestibles
 f - 15 rations


   Skills:
 + Level 8.9 Fighting
 + Level 10.0 Short Blades
   Level 1.0 Staves
 + Level 7.6 Dodging
 + Level 10.2 Stealth
 - Level 2.0 Shields
 + Level 9.4 Spellcasting
 + Level 11.4 Hexes


You had 19 spell levels left.
You knew the following spells:

 Your Spells              Type           Power        Failure   Level  Hunger
c - Dazzling Spray        Conj/Hex       ####..       2%          3    None
d - Tukima's Dance        Hex            #####...     1%          3    None
x - Confuse               Hex            #####...     1%          3    None
z - Ensorcelled Hibernat  Hex/Ice        ####..       1%          2    None

Your spell library contained the following spells:

 Spells                   Type           Power        Failure   Level  Hunger
 Corona                   Hex            #####..      1%          1    None
 Animate Skeleton         Necr           N/A          9%          1    None
 Freeze                   Ice            #...         9%          1    None
 Pain                     Necr           #...         9%          1    None
 Sandblast                Erth           #.....       9%          1    None
 Sting                    Conj/Pois      #...         9%          1    None
 Summon Butterflies       Summ           #.......     9%          1    None
 Summon Small Mammal      Summ           #...         9%          1    None
 Passwall                 Tmut/Erth      #.......     14%         2    None
 Throw Frost              Conj/Ice       #.....       14%         2    None
 Metabolic Englaciation   Hex/Ice        ####......   24%         5    #####..
 Ozocubu's Armour         Chrm/Ice       #.......     26%         3    None
 Regeneration             Chrm/Necr      #.........   26%         3    None
 Spider Form              Tmut/Pois      #.........   26%         3    None
 Stone Arrow              Conj/Erth      #.....       26%         3    None
 Vampiric Draining        Necr           #.........   26%         3    None
 Animate Dead             Necr           N/A          65%         4    ###....
 Petrify                  Tmut/Erth      #.......     65%         4    ###....
 Summon Ice Beast         Ice/Summ       #.......     65%         4    ###....
 Throw Icicle             Conj/Ice       #.......     65%         4    ###....
 Lee's Rapid Deconstruct  Erth           #.........   94%         5    #####..
 Freezing Cloud           Conj/Ice/Air   #.........   100%        6    ######.
 Shadow Creatures         Summ           N/A          100%        6    ######.


Dungeon Overview and Level Annotations

Branches:
Dungeon (14/15)            Temple (1/1) D:5            Lair (0/6) D:11
    Orc (0/2) D:9          Vaults (0/5) D:13

Altars:
Ashenzari
Cheibriados
Dithmenos
Elyvilon
Fedhas
Gozag
Hepliaklqana
Makhleb
Nemelex Xobeh
Okawaru
Qazlal
Ru
Sif Muna
Trog
Uskayaw
Vehumet
Wu Jian
Xom
Yredelemnul
The Shining One
Lugonu

Annotations:
D:5 2 transporters, Amnesiac's ghost, novice DDEE
D:7 2 transporters
D:10 3 runed doors, Josephine; Karim's ghost, journeyman NaWr
D:12 1 runed door, mandick's ghost, journeyman MiGl


Innate Abilities, Weirdness & Mutations

You can breathe bolts of dispelling energy.
Your rich purple scales are hard. (AC +8)
You cannot fit into any form of body armour.
You are cold-blooded and may be slowed by cold attacks.


Message History

* * * LOW HITPOINT WARNING * * *
The freezing wraith hits you.
* * * LOW HITPOINT WARNING * * *
The freezing wraith freezes you! You resist.
* * * LOW HITPOINT WARNING * * *
The freezing wraith hits you!
* * * LOW HITPOINT WARNING * * *
The freezing wraith hits you.
* * * LOW HITPOINT WARNING * * *
The freezing wraith freezes you. You resist.
* * * LOW HITPOINT WARNING * * *
The freezing wraith hits you.
* * * LOW HITPOINT WARNING * * *
The freezing wraith drains your vigour!
You feel yourself slow down. The acid dragon bites you.
* * * LOW HITPOINT WARNING * * *
The acid dragon claws you but does no damage.
The freezing wraith hits you but does no damage.
The freezing wraith hits you.
You die...

#####+#
#.....#
#.W@..#
#.DW..#
#.....#
#.....#
#####+#


You could see a freezing wraith, a hungry ghost and an acid dragon.

Vanquished Creatures
  Gastronok (D:10)
  Kirke (D:13)
  2 vault guards (D:13)
  Erolcha (D:12)
  A catoblepas (D:12)
  Erica (D:10)
  A two-headed ogre (D:8)
  A wizard (D:13)
  Pikel (D:5)
  A wolf spider zombie (D:13)
  2 manticores
  3 cyclopes (D:13)
  2 ugly things (D:13)
  A centaur zombie (D:13)
  Joseph (D:10)
  Maurice (D:13)
  2 gargoyles
  Psyche (D:11)
  A tengu conjurer (D:14)
  A queen bee (D:8)
  A yaktaur (D:13)
  A meliai (D:14)
  2 trolls
  A hornet (D:13)
  Grinder (D:5)
  2 hippogriffs
  Sigmund (D:2)
  A vampire (D:14)
  3 wraiths
  A wyvern (D:8)
  3 yaks (D:13)
  3 hogs (D:13)
  17 humans (D:13)
  2 hungry ghosts
  Menkaure (D:6)
  An acid dragon (D:12)
  Edmund (D:6)
  2 soldier ants (D:11)
  A water moccasin (D:11)
  13 orc warriors
  2 ice beasts
  8 ogres
  5 sky beasts
  2 black bears
  4 phantoms
  5 centaurs
  A crocodile (D:12)
  6 bullfrogs
  A wyvern zombie (D:11)
  2 wyvern skeletons
  3 scorpions
  A water moccasin skeleton (D:5)
  26 killer bees
  6 howler monkeys
  A wight (D:10)
  A jelly (D:7)
  7 crimson imps
  A bullfrog zombie (D:10)
  14 orc priests
  6 hounds
  2 centaur skeletons
  10 orc wizards
  Crazy Yiuf (D:2)
  Ijyb (D:4)
  Terence (D:2)
  Natasha (thrice) (D:2 D:4)
  5 iguanas
  10 worker ants
  3 hound zombies
  2 hound skeletons (D:7)
  12 river rats (D:6)
  13 adders
  10 gnolls
  3 shadow imps
  3 oozes (D:1)
  3 adder skeletons
  2 worms
  3 dart slugs
  7 leopard geckos
  66 orcs
  2 ball pythons
  8 bats
  5 giant cockroaches
  10 goblins
  5 hobgoblins
  2 jackals (D:1)
  14 quokkas
  3 frilled lizards
  8 kobolds
  A leopard gecko zombie (D:5)
  21 rats
425 creatures vanquished.

Vanquished Creatures (collateral kills)
  A two-headed ogre (D:10)
  A hippogriff (D:8)
  An orc warrior (D:9)
  2 wights (D:10)
  An orc (D:9)
6 creatures vanquished.

Vanquished Creatures (others)
  A necromancer (D:13)
  6 dancing weapons
  A sky beast (D:5)
  A crimson imp (D:5)
  2 orc wizards (D:5)
  A worker ant (D:11)
  2 shadow imps
  3 orcs
  A quokka (D:5)
  4 fungi (D:8)
22 creatures vanquished.

Grand Total: 453 creatures vanquished

Notes
Turn   | Place    | Note
-------+----------+-------------------------------------------
     0 | D:1      | namelastname112 the Draconian Wanderer began the quest for
                  | the Orb.
     0 | D:1      | namelastname112 set off with: a potion of curing, a +0
                  | club, a ration
     0 | D:1      | Reached XP level 1. HP: 16/16 MP: 3/3
   313 | D:1      | Reached XP level 2. HP: 3/24 MP: 5/5
   694 | D:1      | Learned a level 2 spell: Ensorcelled Hibernation
  1012 | D:1      | Reached XP level 3. HP: 29/29 MP: 6/6
  1199 | D:1      | Learned a level 3 spell: Confuse
  1564 | D:2      | Found a hazy altar of Hepliaklqana.
  1565 | D:2      | Found a deep blue altar of Sif Muna.
  1565 | D:2      | Noticed Natasha
  1584 | D:2      | Killed Natasha
  1584 | D:2      | Reached XP level 4. HP: 37/37 MP: 7/7
  1637 | D:2      | Found a radiant altar of Vehumet.
  1637 | D:2      | Found a snail-covered altar of Cheibriados.
  1641 | D:2      | Found a shimmering altar of Xom.
  1642 | D:2      | Found a white marble altar of Elyvilon.
  1673 | D:2      | Noticed Natasha
  1685 | D:2      | Killed Natasha
  1993 | D:2      | Noticed Terence
  2031 | D:2      | Killed Terence
  2031 | D:2      | Reached skill level 1 in Short Blades
  2031 | D:2      | Reached skill level 2 in Hexes
  2286 | D:2      | Noticed Sigmund
  2301 | D:2      | Reached XP level 5. HP: 35/42 MP: 9/9
  2304 | D:2      | Killed Sigmund
  2304 | D:2      | Reached XP level 6. HP: 30/51 MP: 10/10
  2793 | D:2      | Found a runed door.
  2905 | D:2      | Noticed Crazy Yiuf
  2912 | D:2      | Killed Crazy Yiuf
  3108 | D:3      | Found a shattered altar of Ashenzari.
  3190 | D:4      | Noticed Natasha
  3230 | D:4      | Killed Natasha
  3430 | D:4      | Reached skill level 3 in Hexes
  4427 | D:3      | Learned a level 3 spell: Tukima's Dance
  4510 | D:4      | Your scales start taking on a rich purple colour.
  4510 | D:4      | Reached skill level 4 in Hexes
  4510 | D:4      | Reached XP level 7. HP: 37/57 MP: 10/14
  4862 | D:4      | Noticed Ijyb
  4882 | D:4      | Killed Ijyb
  5756 | D:5      | Entered Level 5 of the Dungeon
  5786 | D:5      | Noticed Grinder
  5797 | D:5      | Found a staircase to the Ecumenical Temple.
  6157 | Temple   | Entered the Ecumenical Temple
  6188 | Temple   | Became a worshipper of Dithmenos the Shadowed
  6271 | D:5      | Killed Grinder
  6271 | D:5      | Reached skill level 5 in Spellcasting
  6271 | D:5      | Reached skill level 5 in Hexes
  6271 | D:5      | Reached XP level 8. HP: 57/66 MP: 6/15
  6637 | D:5      | Learned a level 3 spell: Dazzling Spray
  6712 | D:5      | Noticed Pikel
  6743 | D:5      | Killed Pikel
  6858 | D:5      | Noticed Amnesiac's ghost (novice DDEE)
  6859 | D:5      | Found a transporter.
  6863 | D:5      | Found a transporter.
  6963 | D:5      | Reached skill level 6 in Hexes
  7334 | D:5      | Found a sparkling altar of Nemelex Xobeh.
  7545 | D:6      | Reached XP level 9. HP: 16/72 MP: 2/17
  7814 | D:6      | Noticed Menkaure
  7834 | D:6      | Killed Menkaure
  8192 | D:6      | Reached skill level 5 in Stealth
  8653 | D:6      | Noticed Edmund
  8664 | D:6      | Killed Edmund
  8930 | D:6      | Reached * piety under Dithmenos
  8930 | D:6      | Reached skill level 5 in Fighting
  9021 | D:6      | Reached skill level 5 in Short Blades
  9310 | D:6      | Reached ** piety under Dithmenos
  9709 | D:7      | Noticed a red ugly thing
  9710 | D:7      | Found a transporter.
  9711 | D:7      | Found a corrupted altar of Lugonu.
  9712 | D:7      | Noticed a green ugly thing
  9715 | D:7      | Noticed a brown ugly thing
  9744 | D:7      | Noticed a purple ugly thing
  9744 | D:7      | Noticed an ancient zyme
 10215 | D:7      | Reached skill level 7 in Hexes
 10611 | D:7      | Found a transporter.
 11138 | D:8      | Reached *** piety under Dithmenos
 11388 | D:8      | Reached XP level 10. HP: 82/83 MP: 16/19
 11392 | D:8      | Noticed a two-headed ogre
 11425 | D:8      | Killed a two-headed ogre
 11425 | D:8      | Reached skill level 5 in Dodging
 11506 | D:8      | Reached skill level 8 in Hexes
 12057 | D:8      | Found a blossoming altar of Fedhas.
 12059 | D:8      | Found a stormy altar of Qazlal.
 12099 | D:8      | Found a hide-covered altar of Uskayaw.
 12100 | D:8      | Found a bloodstained altar of Trog.
 12256 | D:9      | Found a staircase to the Orcish Mines.
 12672 | D:9      | Reached **** piety under Dithmenos
 13617 | D:9      | Found a sacrificial altar of Ru.
 13619 | D:9      | Found an ornate altar of the Wu Jian Council.
 13660 | D:9      | Found a sacrificial altar of Ru.
 14050 | D:10     | Entered Level 10 of the Dungeon
 14057 | D:10     | Noticed Erica
 14073 | D:10     | Killed Erica
 14073 | D:10     | Reached skill level 9 in Hexes
 14073 | D:10     | Reached XP level 11. HP: 74/91 MP: 14/21
 14166 | D:10     | Found a runed gate.
 14166 | D:10     | Found a runed gate.
 14168 | D:10     | Found a runed gate.
 14331 | D:10     | Noticed Karim's ghost (journeyman NaWr)
 14573 | D:10     | Noticed Josephine
 14927 | D:10     | Noticed Joseph
 15181 | D:10     | Killed Joseph
 15198 | D:10     | Noticed a two-headed ogre
 15478 | D:10     | Killed a two-headed ogre
 15614 | D:10     | Noticed Gastronok
 15651 | D:10     | Killed Gastronok
 16760 | D:11     | Noticed Psyche
 16784 | D:11     | Killed Psyche
 17393 | D:11     | Reached ***** piety under Dithmenos
 17632 | D:11     | Reached skill level 10 in Hexes
 17649 | D:11     | Found a staircase to the Lair.
 18438 | D:12     | Got a slimy jade ring
 18440 | D:12     | Identified the ring "Sumnear" {rF+ rC+} (You found it on
                  | level 12 of the Dungeon)
 18457 | D:12     | Identified Weut's Guide on the Glacial Entourage
 18463 | D:12     | Noticed a catoblepas
 18497 | D:12     | Killed a catoblepas
 18771 | D:12     | Reached XP level 12. HP: 67/100 MP: 18/24
 18892 | D:12     | Noticed Erolcha
 18916 | D:12     | Killed Erolcha
 19034 | D:12     | Noticed mandick's ghost (journeyman MiGl)
 19035 | D:12     | Found a runed door.
 19747 | D:13     | Found an opulent altar of Gozag.
 20540 | D:13     | Paralysed by a hornet for 1 turns
 20637 | D:13     | Noticed Kirke
 20974 | D:13     | Reached skill level 11 in Hexes
 20989 | D:13     | Noticed Maurice
 20991 | D:13     | Killed Maurice
 21407 | D:13     | Reached skill level 10 in Stealth
 21537 | D:13     | Found a gate to the Vaults.
 21537 | D:13     | Noticed a vault guard
 21537 | D:13     | Noticed a vault guard
 21777 | D:13     | Killed a vault guard
 22149 | D:13     | Killed a vault guard
 22260 | D:13     | Killed Kirke
 22260 | D:13     | Reached skill level 10 in Short Blades
 22260 | D:13     | Reached XP level 13. HP: 110/110 MP: 26/26
 22518 | D:14     | HP: 5/110 [freezing wraith (2)]
 22519 | D:14     | HP: 1/110 [acid dragon (2)]
 22519 | D:14     | Slain by a freezing wraith

Vault maps used:
D:1:      lemuel_arrival_lava_pool
D:2:      minitemple, minmay_mini_jars, uniq_sigmund, uniq_terence,
          uniq_natasha, uniq_crazy_yiuf_cottage
D:3:      evilmike_ruin_ashenzari, first_ration, item_on_display_a
D:4:      kennysheep_big_flooded_room, uniq_ijyb
D:5:      temple_green, gammafunk_ghost_smash, nemelex_lonely_heart_becter,
          uniq_grinder, uniq_pikel
D:6:      lemuel_ratsnest, uniq_menkaure, uniq_edmund
D:7:      gammafunk_corrupted_shrine
D:8:      grunt_temple_overflow_forces_of_nature,
          gammafunk_temple_overflow_wave, david_nohive_1
D:9:      chequers_temple_overflow_statue_of_worship, david_orc_3,
          david_defended_altar_elf
D:10:     gammafunk_ghost_icy, uniq_joseph, uniq_erica, uniq_gastronok,
          uniq_josephine
D:11:     lair_entry_dummy, special_room, uniq_psyche
D:12:     hellmonk_ghost_happy_afterlife, st_stairs_14, uniq_erolcha
D:13:     grunt_vaults_entry_tiered, grunt_gozag_breadcrumbs, uniq_maurice,
          uniq_kirke
D:14:     minmay_spiral_squares, uniq_louise
Temple:   compressed_dpeg_triangle_lava_temple

Skill      XL: |  1  2  3  4  5  6  7  8  9 10 11 12 |
---------------+-------------------------------------+-----
Dodging        | 2 3 4 5 6 7 |  7.6
Fighting       | 2 3 4 5 6 7 8 |  8.9
Short Blades   | 1 2 3 4 6 7 8 10 | 10.0
Hexes          | 2 4 5 6 7 9 10 11 | 11.4
Stealth        | 2 3 4 6 7 9 10 | 10.2
Spellcasting   | 3 4 5 6 7 8 9 |  9.4
Staves         | |  1.0
Shields        | |  2.0

Action                   |  1- 3 |  4- 6 |  7- 9 | 10-12 | 13-15 || total
-------------------------+-------+-------+-------+-------+-------++-------
Melee: Club              |    88 |       |       |       |       ||    88
       Tailslap          |    16 |    46 |   102 |   110 |     1 ||   275
       Short sword       |    41 |   282 |   680 |   395 |       ||  1398
       Dagger            |       |       |       |   426 |    16 ||   442
 Cast: Ensorcelled Hiber |       |    10 |    73 |   155 |     1 ||   239
       Confuse           |       |     5 |    26 |    63 |       ||    94
       Dazzling Spray    |       |       |     1 |    29 |       ||    30
       Tukima's Dance    |       |       |       |    20 |       ||    20
 Abil: Evoke Berserk Rag |     1 |     4 |     1 |       |       ||     6
       Breathe Dispellin |       |       |    11 |     8 |       ||    19
Evoke: Wand              |       |       |    11 |     8 |       ||    19
  Use: Scroll            |       |    11 |     4 |    15 |     1 ||    31
       Potion            |       |       |     2 |     3 |       ||     5
 Stab: Sleeping          |       |     4 |    44 |   116 |     9 ||   173
       Confused          |       |     2 |    11 |    30 |       ||    43
       Paralysed         |       |       |     2 |     6 |       ||     8
       Distracted        |       |       |       |     4 |       ||     4
       Invisible         |       |       |       |     8 |       ||     8
       Petrifying        |       |       |       |     2 |       ||     2
  Eat: Chunk             |     1 |     6 |    21 |    26 |       ||    54
       Ration            |       |     3 |     3 |     4 |       ||    10
Armor: Skin              |    42 |    78 |   165 |   176 |     2 ||   463
Dodge: Dodged            |   101 |   192 |   465 |   557 |    12 ||  1327

Table legend:
 A = Non-vault XP
 B = Vault XP
 C = Vault XP percentage of total XP
 D = Non-vault monster count
 E = Vault monster count
 F = Vault count percentage of total count
                 A         B        C        D         E       F
            +---------+---------+-------+---------+---------+-------
      Total |   20267 |   21073 |  51.0 |     298 |     135 |  31.2
            +---------+---------+-------+---------+---------+-------
        D:1 |      63 |       0 |   0.0 |      26 |       0 |   0.0
        D:2 |      83 |     348 |  80.7 |      12 |      14 |  53.8
        D:3 |     152 |       0 |   0.0 |      23 |       0 |   0.0
        D:4 |     451 |      44 |   8.9 |      14 |       3 |  17.6
        D:5 |     677 |     940 |  58.1 |      22 |       2 |   8.3
        D:6 |     254 |     517 |  67.1 |      16 |      37 |  69.8
        D:7 |    1381 |       0 |   0.0 |      25 |       0 |   0.0
        D:8 |    2207 |    1114 |  33.5 |      28 |      14 |  33.3
        D:9 |    1771 |     234 |  11.7 |      29 |       7 |  19.4
       D:10 |    2088 |    3961 |  65.5 |      26 |       5 |  16.1
       D:11 |    2390 |    1415 |  37.2 |      21 |      21 |  50.0
       D:12 |    1529 |    1856 |  54.8 |      18 |       2 |  10.0
       D:13 |    6676 |   10013 |  60.0 |      30 |      28 |  48.3
       D:14 |     545 |     631 |  53.7 |       8 |       2 |  20.0
            +---------+---------+-------+---------+---------+-------
